Map: Ulrena

Players

Olyn

  • Race: Terran Terran
  • Spawn Location: 11:00

zidar - Winner!

  • Race: Zerg Zerg
  • League: Silver
  • Spawn Location: 7:00

VOD

Have the link to the VOD?

Description

Time

  • Played on: Jan. 24, 2016, 6:01 a.m.
  • Length: 5:27
Show
View Real Time Build Order
Export as new Build Order

Olyn Terran 

Build Orders:  

Get SALT Encoding   

  12  0:01  SCV  
  13  0:13  SCV  
  14  0:20  Supply Depot  
  14  0:25  SCV  
  15  0:41  SCV  
  16  0:43  Barracks  
  16  0:52  Refinery  
  16  0:54  SCV  
  17  1:06  SCV  
  18  1:18  SCV  
  19  1:30  Supply Depot  
  19  1:31  Orbital Command  
  19  1:37  Marine  
  20  1:51  Command Center  
  20  1:58  Marine  
  21  2:02  SCV  
  22  2:14  SCV  
  23  2:20  Refinery  
  23  2:26  SCV  
  23  2:28  Factory  
  24  2:35  Barracks Tech Lab  
  24  2:54  SCV  
  24  2:58  Marauder  
  27  3:07  Orbital Command  
  27  3:14  SCV  
  27  3:16  Barracks  
  27  3:18  Barracks  
  28  3:45  Orbital Command  
  28  3:54  Marine  
  29  3:57  Factory Tech Lab  
  29  4:11  Marine  
  29  4:12  Bunker  
  29  4:14  SCV  
  31  4:19  Barracks Reactor x2  
  31  4:22  Siege Tank  
  34  4:26  SCV  
  34  4:29  Marine  
  36  4:38  SCV  
  37  4:47  Marine  
  37  4:50  SCV  
  39  4:54  Siege Tank  
  42  5:02  SCV  
  42  5:03  SCV  
  42  5:05  Marine  
  45  5:14  SCV  
  46  5:15  SCV  
Show
View Real Time Build Order
Export as new Build Order

zidar Zerg - Winner!

Build Orders: Pool First 

Get SALT Encoding   

  12  0:02  Drone  
  13  0:12  Overlord  
  13  0:17  Drone  
  14  0:30  Drone x2  
  14  0:34  Drone  
  17  0:49  Spawning Pool  
  16  0:53  Drone  
  17  1:17  Hatchery  
  16  1:30  Drone  
  17  1:36  Queen  
  18  1:40  Drone  
  18  1:41  Overlord  
  18  1:45  Extractor  
  18  1:56  Drone  
  19  2:04  Drone  
  20  2:10  Roach Warren  
  20  2:15  Queen  
  21  2:30  Extractor  
  21  2:31  Drone  
  21  2:32  Drone x2  
  23  3:00  Drone x4  
  23  3:01  Drone x3  
  30  3:21  Roach x2  
  30  3:24  Roach  
  36  3:35  Overlord x2  
  36  3:37  Overlord  
  36  3:53  Overlord  
  36  4:03  Roach  
  36  4:04  Roach x4  
  36  4:06  Ravager  
  36  4:07  Ravager  
  36  4:08  Ravager  
  49  4:17  Roach x5  
  59  4:30  Ravager  
  60  5:05  Hatchery  
Tags
 
League
Silver
Matchup
TvZ
Opening
Pool First
Spawn Locations
Close Positions
Add a new tag
Caveats
  • Supply blocks, unpowered buildings, or Contaminate may cause inaccurate times.
  • Supply counts are checked every 10 seconds.